 Dungeon Sprint DCSS version 0.17-a0-1805-g6093636 (webtiles) character file.

104591 Kidiri the Impregnable (level 15, -7/111 HPs)
             Began as a Gargoyle Berserker on Sept 12, 2015.
             Was the Champion of Trog.
             Killed by something's death curse (17 damage)
             ... in the Dungeon (Sprint III: "The Ten Rune Challenge").
             The game lasted 01:22:28 (10546 turns).

Kidiri the Impregnable (Gargoyle Berserker)        Turns: 10546, Time: 01:22:28

Health: -7/111     AC: 42    Str: 20    XL:     15   Next: 54%
Magic:  6/6        EV: 16    Int:  8    God:    Trog [******]
Gold:   2747       SH:  0    Dex: 12    Spells: 0 memorised, 14 levels left

rFire  . . .     SeeInvis .     z - +2 great mace of the Spectre {flame, -Tele rC+ rN+++}
rCold  + . .     Clarity  .     e - +2 plate armour
rNeg   + + +     SustAt   .     (no shield)
rPois  ∞         Gourm    .     E - +0 hat of Roma {Regen+ rCorr MP-9 Dex-5}
rElec  +         Spirit   .     k - +2 cloak {rPois}
rCorr  +         Warding  .     o - +2 pair of gloves {Dex+3}
rMut   .         NoTele   +     (no boots)
MR     +....                    (no amulet)
Stlth  ..........               (no ring)
                                (no ring)

@: flying, somewhat resistant to hostile enchantments, extremely unstealthy
A: big wings, claws 1, hooves 1, repulsion field 1, negative energy resistance
1, electricity resistance, spit poison 1, weak 1, unbreathing, evolution 1,
petrification resistance, rot immunity, subdued magic 1, AC +11
a: Spit Poison, Stop Flying, Burn Spellbooks, Berserk, Trog's Hand, Brothers in
Arms, Renounce Religion
}: 2/10 runes: decaying, serpentine


You were in the Dungeon.
You worshipped Trog.
Trog was exalted by your worship.
You were not hungry.

You visited 1 branch You collected 4532 gold pieces.
You spent 1785 gold pieces at shops.

Inventory:

Hand weapons
 j - a +4 dire flail of holy wrath
 t - a +5 antimagic demon whip
 z - the +2 great mace of the Spectre (weapon) {flame, -Tele rC+ rN+++}
   (Trog gifted it to you in the Dungeon)

   It has been specially enchanted to burn those struck by it, causing extra
   injury to most foes and up to half again as much damage against particularly
   susceptible opponents.
   It protects you from cold.
   It renders you almost immune to negative energy.
   It prevents most forms of teleportation.
 A - the +8 great mace "Koazesej" {flame, +Rage rPois Str+4 Int-4}
   (You found it in the Dungeon)

   It has been specially enchanted to burn those struck by it, causing extra
   injury to most foes and up to half again as much damage against particularly
   susceptible opponents.
   It affects your strength (+4).
   It affects your intelligence (-4).
   It protects you from poison.
   It lets you go berserk.
 C - the +6 morningstar "Kauj" {crush, Str+5}
   (You found it in the Dungeon)

   It inflicts extra damage upon your enemies.
   It affects your strength (+5).
 H - the +13 bardiche of Gehenna {flame, rF++}
   (Trog gifted it to you in the Dungeon)

   It has been specially enchanted to burn those struck by it, causing extra
   injury to most foes and up to half again as much damage against particularly
   susceptible opponents.
   Big, fiery blades are also staple armaments of hydra-hunters.
   It greatly protects you from fire.
Missiles
 a - 12 throwing nets (quivered)
 b - 7 tomahawks of returning
 x - 8 tomahawks
 B - 2 silver javelins
 D - 3 steel tomahawks
 G - 4 silver tomahawks
Armour
 e - a +2 plate armour (worn)
 k - a +2 cloak of poison resistance (worn)
 o - a +2 pair of gloves of dexterity (worn)
 w - a +0 large shield of reflection
 E - the +0 hat of Roma (worn) {Regen+ rCorr MP-9 Dex-5}
   (You acquired it in the Dungeon)

   It affects your dexterity (-5).
   It affects your magic capacity (-9).
   It increases your rate of regeneration.
   It protects you from acid and corrosion.
Magical devices
 y - a wand of confusion (11)
Scrolls
 i - 3 scrolls of blinking
 l - a scroll of immolation
 m - 2 scrolls of remove curse
 q - 20 scrolls of identify
 u - 2 scrolls of fog
 F - 2 scrolls of torment
 J - 2 scrolls of random uselessness {unknown}
Potions
 d - 4 potions of curing
 f - 2 potions of haste
 g - 2 potions of magic
 h - a potion of berserk rage
 n - 2 potions of cure mutation
 p - a potion of resistance
 r - a potion of agility
 I - a potion of cancellation {unknown}
 L - a potion of invisibility {unknown}
Comestibles
 c - 17 royal jellies


   Skills:
 + Level 19.1 Fighting
 * Level 23.6 Maces & Flails
 * Level 25.2 Armour
 + Level 15.2 Dodging
 * Level 5.4 Shields


You had 14 spell levels left.
You didn't know any spells.

Dungeon Overview and Level Annotations

Branches:
Dungeon (1/1)

Altars:
Cheibriados
Dithmenos
Elyvilon
Fedhas
Gozag
Kikubaaqudgha
Makhleb
Nemelex Xobeh
Okawaru
Qazlal
Ru
Sif Muna
Trog
Vehumet
Xom
Yredelemnul
Zin
The Shining One
Beogh
Jiyva
Lugonu

Shops:
D %}(%(}??=}:*%!?([([

Annotations:
D exclusion: 3 statues


Innate Abilities, Weirdness & Mutations

You are resistant to torment.
Your stone body is resilient (AC +11).
You are immune to poison.
Your large and strong wings let you fly indefinitely.
You resist negative energy.
You are resistant to electric shocks.
You can survive without breathing.
You are immune to petrification.
You are immune to rotting.
You have sharp fingernails.
You have large cloven feet.
You are surrounded by a mild repulsion field (EV +2).
You can spit weak poison.
You are weak. (Str -2)
You evolve.
Your spells are a little easier to cast, but a little less powerful.


Message History

You feel extremely nervous for a moment...
You convulse helplessly as pain tears through your body!
* * * LOW HITPOINT WARNING * * *
You feel extremely nervous for a moment...
Strange energies run through your body.
You are engulfed in roaring flames.
* * * LOW HITPOINT WARNING * * *
The guardian mummy is engulfed in roaring flames. x2
Unknown command.
Read which item? (? for menu, Esc to quit)
You cannot teleport because you are wielding the +2 great mace of the Spectre {flame, -Tele rC+ rN+++}.
You are engulfed in roaring flames.
The guardian mummy is engulfed in roaring flames.
The guardian mummy barely misses you.
You hear an explosion! x3
The fiery explosion engulfs the guardian mummy.
The guardian mummy explodes!
You hear an explosion! x6
You feel extremely nervous for a moment...
You convulse helplessly as pain tears through your body!
You die...

,,,,,,,▓..#..............#
**,,≈*,▓..#^....^..^.....#
,**,≈*,▓..#..##########^.#
,,**+**▓.^#..#M..3Z,,,#..#
*,**,,,▓..#..#n.MM,,,,#.^#
*,****,▓^.#..#zMM,,,,,#..#
*,,,,,,▓..#..#MM,,,,,,#..#
***+***▓^.#..#§########..#
≈⌠,,,≈,▓^.#..#§§@......^.#
≈≈,≈,≈,▓..'^.#^§§........#
,≈,≈,≈,▓##################
,,,≈,,,*******************
***+****,+,,,,*,,+,,,*,,,*
,*,*,*,*,*,,,,*,**,,,*,,,*
*,*,*,**,*,,,,*,,*≈≈≈*,,,*
,*,*,*,*,***+***,*≈≈≈*,*,*
********,*,,,,*,,*,,,*,*,*


There were no monsters in sight!

Vanquished Creatures
  Frederick (D)
  the Lernaean hydra (D)
  2 liches (D)
  Rupert (D)
  2 sphinxes (D)
  Chuck (D)
  A greater naga (D)
  Wiglaf (D)
  A dire elephant (D)
  Azrael (D)
  4 mummy priests (D)
  A fire dragon (D)
  4 yaktaur captains (D)
  Erolcha (D)
  3 hydras (D)
  An ogre mage (D)
  2 centaur warriors (D)
  4 death yaks (D)
  4 dancing weapons (D)
  5 anacondas (D)
  An iron golem (D)
  4 hell knights (D)
  2 skeletal warriors (D)
  A death drake (D)
  4 swamp dragons (D)
  A spriggan druid (D)
  2 obsidian statues (D)
  A lindwurm (D)
  A shadow demon (D)
  3 ugly things (D)
  An orb spider (shapeshifter) (D)
  4 crystal guardians (D)
  A black mamba (shapeshifter) (D)
  A water nymph (shapeshifter) (D)
  A moth of wrath (shapeshifter) (D)
  4 black mambas (D)
  A guardian serpent (D)
  An elephant (shapeshifter) (D)
  A statue (D)
  2 spiny frogs (D)
  2 elephants (D)
  A komodo dragon (D)
  A yaktaur (D)
  2 deep elf priests (D)
  A merfolk (shapeshifter) (D)
  6 blink frogs (D)
  9 guardian mummies (D)
  4 spriggan defenders (D)
  A fire drake (D)
  3 wandering mushrooms (D)
  A slime creature (D)
  4 redbacks (D)
  2 trapdoor spiders (D)
  A shadow (D)
  2 spriggans (D)
  A yak (shapeshifter) (D)
  2 nagas (D)
  2 hill giants (D)
  A spatial vortex (D)
  5 water moccasins (D)
  A necrophage (D)
  3 swamp drakes (D)
  6 orc warriors (D)
  2 brain worms (D)
  3 two-headed ogres (D)
  A water elemental (D)
  26 killer bees (D)
  A scorpion (D)
  An electric eel (D)
  An orc priest (D)
  A wizard (D)
  A jelly (D)
  2 necromancers (D)
  A kobold demonologist (D)
  3 humans (D)
  5 adders (D)
  A giant eyeball (D)
  An ooze (D)
  6 orcs (D)
  4 rats (D)
  7 bushes (D)
  17 plants (D)
223 creatures vanquished.

Vanquished Creatures (collateral kills)
  Frances (D)
  Gastronok (D)
  2 shadow dragons (D)
  Maud (D)
  A dire elephant (D)
  2 anacondas (D)
  A naga warrior (D)
  A deep elf knight (D)
  A deep elf summoner (D)
  A deep elf conjurer (D)
  An ugly thing (D)
  A black mamba (D)
  A deep elf priest (D)
  A queen bee (D)
  2 blink frogs (D)
  3 orc high priests (D)
  3 shadows (D)
  4 water moccasins (D)
  6 killer bees (D)
  An orc priest (D)
  An orc wizard (D)
  2 adders (D)
  3 orcs (D)
  A plant (D)
42 creatures vanquished.

Vanquished Creatures (others)
  2 draconian scorchers (D)
  3 yaktaurs (D)
  A bush (D)
  8 plants (D)
14 creatures vanquished.

Grand Total: 279 creatures vanquished

Notes
Turn   | Place    | Note
--------------------------------------------------------------
     0 | D        | Kidiri the Gargoyle Berserker began the quest for the Orb.
     0 | D        | Reached XP level 1. HP: 14/14 MP: 1/1
    13 | D        | Acquired Trog's second power
    81 | D        | Killed a yaktaur
   137 | D        | Killed a white draconian scorcher
   147 | D        | Reached XP level 2. HP: 20/20 MP: 2/2
   153 | D        | Noticed a scorpion
   156 | D        | Killed a white draconian scorcher
   163 | D        | Killed a scorpion
   163 | D        | Reached skill level 4 in Fighting
   163 | D        | Reached skill level 5 in Maces & Flails
   163 | D        | Reached skill level 5 in Armour
   163 | D        | Reached XP level 3. HP: 22/24 MP: 3/3
   170 | D        | Reached XP level 4. HP: 15/30 MP: 4/4
   478 | D        | Reached skill level 6 in Fighting
   478 | D        | Reached skill level 8 in Maces & Flails
   478 | D        | Reached XP level 5. HP: 34/37 MP: 5/5
   479 | D        | Gained mutation: You have sharp fingernails. [potion of mutation]
   479 | D        | Gained mutation: Your spells are a little easier to cast, but a little less powerful. [potion of mutation]
   479 | D        | Gained mutation: You are surrounded by a mild repulsion field (EV +2). [potion of mutation]
   480 | D        | Gained mutation: Your mind is acute. (Int +2) [potion of mutation]
   480 | D        | Gained mutation: You evolve. [potion of mutation]
   480 | D        | Gained mutation: You possess an exceptional clarity of mind. [potion of mutation]
   488 | D        | Noticed a water elemental
   507 | D        | Killed a water elemental
   738 | D        | Found a radiant altar of Vehumet.
   738 | D        | Found a deep blue altar of Sif Muna.
   738 | D        | Found an ancient bone altar of Kikubaaqudgha.
   738 | D        | Noticed a wizard
   741 | D        | Killed a wizard
   741 | D        | Acquired Trog's third power
   741 | D        | Reached skill level 9 in Armour
   741 | D        | Reached skill level 5 in Dodging
   741 | D        | Reached XP level 6. HP: 42/44 MP: 6/6
   743 | D        | Noticed a rust devil
   829 | D        | Found a glowing silver altar of Zin.
   830 | D        | Found a glowing golden altar of the Shining One.
   830 | D        | Found a white marble altar of Elyvilon.
   830 | D        | Noticed a deep elf priest
   836 | D        | Killed a deep elf priest
   836 | D        | Reached skill level 10 in Armour
   836 | D        | Reached XP level 7. HP: 39/48 MP: 7/7
  1080 | D        | Found an iron altar of Okawaru.
  1081 | D        | Found a bloodstained altar of Trog.
  1081 | D        | Noticed a human
  1081 | D        | Noticed a human
  1090 | D        | Killed a human
  1090 | D        | Received a gift from Trog
  1090 | D        | Reached skill level 10 in Maces & Flails
  1120 | D        | Killed a human
  1120 | D        | Reached skill level 11 in Armour
  1138 | D        | Killed a yaktaur
  1388 | D        | Found a snail-covered altar of Cheibriados.
  1388 | D        | Noticed a necrophage
  1392 | D        | Noticed a necromancer
  1397 | D        | Killed a necrophage
  1397 | D        | Reached XP level 8. HP: 55/55 MP: 8/8
  1398 | D        | Found a basalt altar of Yredelemnul.
  1398 | D        | Found a blossoming altar of Fedhas.
  1401 | D        | Killed a necromancer
  1401 | D        | Received a gift from Trog
  1444 | D        | Noticed a jelly
  1446 | D        | Killed a jelly
  1447 | D        | Noticed a shadow
  1462 | D        | Killed a shadow
  1499 | D        | Found a stormy altar of Qazlal.
  1500 | D        | Noticed a spatial vortex
  1501 | D        | Found a sacrificial altar of Ru.
  1501 | D        | Found a burning altar of Makhleb.
  1501 | D        | Found a viscous altar of Jiyva.
  1501 | D        | Found a shimmering altar of Xom.
  1501 | D        | Found a shadowy altar of Dithmenos.
  1501 | D        | Found a sparkling altar of Nemelex Xobeh.
  1501 | D        | Found a corrupted altar of Lugonu.
  1501 | D        | Found an opulent altar of Gozag.
  1510 | D        | Killed a spatial vortex
  1520 | D        | Fell from the grace of Trog
  1520 | D        | Became a worshipper of Dithmenos the Shadowed
  1547 | D        | Fell from the grace of Dithmenos
  1547 | D        | Became a worshipper of Trog the Wrathful
  1568 | D        | Noticed a two-headed ogre
  1568 | D        | Noticed a two-headed ogre
  1570 | D        | Noticed a two-headed ogre
  1578 | D        | Killed a two-headed ogre
  1578 | D        | Reached skill level 12 in Armour
  1590 | D        | Killed a two-headed ogre
  1604 | D        | Killed a two-headed ogre
  1604 | D        | Acquired Trog's first power
  1609 | D        | Noticed a hill giant
  1614 | D        | Killed a hill giant
  1621 | D        | Noticed a hill giant
  1621 | D        | Noticed Erolcha
  1633 | D        | Killed Erolcha
  1633 | D        | Reached skill level 10 in Fighting
  1633 | D        | Reached skill level 13 in Armour
  1633 | D        | Reached XP level 9. HP: 62/62 MP: 9/9
  1637 | D        | Killed a hill giant
  1751 | D        | Noticed a redback
  1751 | D        | Noticed a trapdoor spider
  1751 | D        | Noticed a trapdoor spider
  1757 | D        | Killed a redback
  1760 | D        | Killed a trapdoor spider
  1778 | D        | Killed a trapdoor spider
  2006 | D        | Noticed a killer bee
  2006 | D        | Noticed a killer bee
  2006 | D        | Noticed a killer bee
  2006 | D        | Noticed a killer bee
  2006 | D        | Noticed a killer bee
  2006 | D        | Noticed a killer bee
  2006 | D        | Noticed a killer bee
  2006 | D        | Noticed a queen bee
  2006 | D        | Noticed a killer bee
  2006 | D        | Noticed a killer bee
  2006 | D        | Noticed a killer bee
  2006 | D        | Noticed a killer bee
  2006 | D        | Noticed a killer bee
  2006 | D        | Noticed a killer bee
  2006 | D        | Noticed a killer bee
  2006 | D        | Noticed a killer bee
  2006 | D        | Noticed a killer bee
  2008 | D        | Noticed a killer bee
  2008 | D        | Noticed a killer bee
  2009 | D        | Noticed a killer bee
  2009 | D        | Noticed a killer bee
  2009 | D        | Killed a killer bee
  2010 | D        | Noticed a killer bee
  2010 | D        | Noticed a killer bee
  2010 | D        | Noticed a killer bee
  2010 | D        | Noticed a killer bee
  2010 | D        | Noticed a killer bee
  2010 | D        | Noticed a killer bee
  2010 | D        | Noticed a killer bee
  2010 | D        | Noticed a killer bee
  2010 | D        | Noticed a killer bee
  2010 | D        | Noticed a killer bee
  2010 | D        | Noticed a killer bee
  2010 | D        | Noticed a killer bee
  2011 | D        | Killed a killer bee
  2014 | D        | Killed a killer bee
  2016 | D        | Killed a killer bee
  2021 | D        | Killed a killer bee
  2022 | D        | Killed a killer bee
  2024 | D        | Killed a killer bee
  2024 | D        | Reached skill level 14 in Armour
  2028 | D        | Killed a killer bee
  2030 | D        | Killed a killer bee
  2032 | D        | Killed a killer bee
  2032 | D        | Reached XP level 10. HP: 68/68 MP: 10/10
  2038 | D        | Killed a killer bee
  2042 | D        | Killed a killer bee
  2042 | D        | Received a gift from Trog
  2044 | D        | Killed a killer bee
  2051 | D        | Killed a killer bee
  2069 | D        | Killed a killer bee
  2073 | D        | Killed a killer bee
  2074 | D        | Killed a killer bee
  2082 | D        | Killed a killer bee
  2084 | D        | Killed a killer bee
  2087 | D        | Killed a killer bee
  2093 | D        | Killed a killer bee
  2095 | D        | Killed a killer bee
  2096 | D        | Killed a killer bee
  2097 | D        | Killed a killer bee
  2099 | D        | Killed a killer bee
  2100 | D        | Killed a killer bee
  2112 | D        | Killed a queen bee
  2113 | D        | Killed a killer bee
  2127 | D        | Killed a killer bee
  2127 | D        | Received a gift from Trog
  2129 | D        | Killed a killer bee
  2161 | D        | Killed a killer bee
  2178 | D        | Killed a killer bee
  2249 | D        | Killed a killer bee
  2445 | D        | Noticed a wandering mushroom
  2449 | D        | Noticed a wandering mushroom
  2454 | D        | Noticed a wandering mushroom
  2464 | D        | Killed a wandering mushroom
  2472 | D        | Killed a wandering mushroom
  2477 | D        | Killed a wandering mushroom
  2477 | D        | Reached skill level 15 in Armour
  2565 | D        | Noticed a spiny frog
  2565 | D        | Noticed a komodo dragon
  2565 | D        | Noticed a spiny frog
  2575 | D        | Killed a spiny frog
  2585 | D        | Killed a spiny frog
  2585 | D        | Received a gift from Trog
  2597 | D        | Killed a komodo dragon
  2638 | D        | Killed a yaktaur
  2728 | D        | Noticed a shadow demon
  2738 | D        | Killed a shadow demon
  2741 | D        | Noticed a redback
  2743 | D        | Killed a redback
  2873 | D        | Noticed a brain worm
  2875 | D        | Killed a brain worm
  2877 | D        | Noticed a brain worm
  2880 | D        | Killed a brain worm
  2981 | D        | Noticed a lindwurm
  2984 | D        | Noticed a redback
  2992 | D        | Killed a lindwurm
  2995 | D        | Killed a redback
  2995 | D        | Reached XP level 11. HP: 27/76 MP: 3/11
  3219 | D        | Noticed a redback
  3221 | D        | Killed a redback
  3222 | D        | Noticed Maud
  3236 | D        | Killed Maud
  3236 | D        | Reached skill level 15 in Maces & Flails
  3236 | D        | Reached skill level 16 in Armour
  3525 | D        | Noticed an electric eel
  3526 | D        | Noticed a four-headed hydra
  3526 | D        | Noticed a four-headed hydra
  3530 | D        | Killed an electric eel
  3537 | D        | Killed a four-headed hydra
  3542 | D        | Killed a four-headed hydra
  3542 | D        | Received a gift from Trog
  3736 | D        | Noticed a death drake
  3747 | D        | Killed a death drake
  3747 | D        | Reached skill level 10 in Dodging
  3843 | D        | Found a blossoming altar of Fedhas.
  3843 | D        | Noticed a spriggan
  3843 | D        | Noticed a spriggan druid
  3843 | D        | Noticed a spriggan
  3852 | D        | Killed a spriggan druid
  3852 | D        | Reached skill level 17 in Armour
  3854 | D        | Killed a spriggan
  3858 | D        | Killed a spriggan
  3926 | D        | Noticed an anaconda
  3926 | D        | Noticed a water moccasin
  3926 | D        | Noticed a water moccasin
  3926 | D        | Noticed a water moccasin
  3926 | D        | Noticed an anaconda
  3927 | D        | Noticed a black mamba
  3930 | D        | Killed a water moccasin
  3931 | D        | Received a gift from Trog
  3939 | D        | Killed an anaconda
  3942 | D        | Noticed a water moccasin
  3943 | D        | Killed an anaconda
  3946 | D        | Killed a water moccasin
  3948 | D        | Noticed a black mamba
  3950 | D        | Killed a black mamba
  3954 | D        | Killed a water moccasin
  3958 | D        | Killed a water moccasin
  4053 | D        | Noticed a water moccasin
  4055 | D        | Killed a water moccasin
  4055 | D        | Received a gift from Trog
  4064 | D        | Killed a black mamba
  4064 | D        | Reached XP level 12. HP: 84/84 MP: 4/12
  4098 | D        | Noticed a black mamba
  4098 | D        | Noticed a water moccasin
  4098 | D        | Noticed a water moccasin
  4098 | D        | Noticed an anaconda
  4098 | D        | Noticed an anaconda
  4121 | D        | Killed an anaconda
  4125 | D        | Killed an anaconda
  4125 | D        | Reached skill level 18 in Armour
  4126 | D        | Killed a black mamba
  4127 | D        | Killed a water moccasin
  4129 | D        | Killed a water moccasin
  4134 | D        | Received a gift from Trog
  4201 | D        | Noticed a water moccasin
  4201 | D        | Noticed an anaconda
  4201 | D        | Noticed a water moccasin
  4201 | D        | Noticed an anaconda
  4203 | D        | Noticed an anaconda
  4208 | D        | Killed an anaconda
  4209 | D        | Killed an anaconda
  4214 | D        | Killed an anaconda
  4215 | D        | Killed a water moccasin
  4215 | D        | Received a gift from Trog
  4218 | D        | Killed a water moccasin
  4343 | D        | Noticed a naga
  4343 | D        | Noticed a naga
  4344 | D        | Noticed a naga warrior
  4344 | D        | Noticed a greater naga
  4351 | D        | Found Girghebo's Food Shop.
  4351 | D        | Found Aqeunauxt's Antique Weapon Shoppe.
  4353 | D        | Killed a naga warrior
  4364 | D        | Killed a greater naga
  4365 | D        | Killed a naga
  4369 | D        | Killed a naga
  4369 | D        | Received a gift from Trog
  4372 | D        | Found Byelonwo's Gadget Boutique.
  4434 | D        | Noticed a guardian serpent
  4440 | D        | Killed a guardian serpent
  4448 | D        | Got a serpentine rune of Zot
  4494 | D        | Noticed a centaur warrior
  4501 | D        | Killed a centaur warrior
  4777 | D        | Noticed a swamp drake
  4777 | D        | Noticed a fire drake
  4780 | D        | Killed a fire drake
  4786 | D        | Killed a swamp drake
  4803 | D        | Noticed a blink frog
  4803 | D        | Noticed a blink frog
  4803 | D        | Noticed a blink frog
  4803 | D        | Noticed a blink frog
  4807 | D        | Killed a blink frog
  4811 | D        | Killed a blink frog
  4811 | D        | Reached skill level 19 in Armour
  4815 | D        | Killed a blink frog
  4819 | D        | Noticed a blink frog
  4819 | D        | Killed a blink frog
  4819 | D        | Received a gift from Trog
  4841 | D        | Killed a blink frog
  4890 | D        | Noticed Rupert
  4905 | D        | Killed Rupert
  5034 | D        | Noticed a death yak
  5035 | D        | Noticed a death yak
  5036 | D        | Noticed a death yak
  5036 | D        | Noticed a blink frog
  5037 | D        | Noticed a blink frog
  5037 | D        | Noticed a blink frog
  5039 | D        | Noticed a death yak
  5044 | D        | Killed a death yak
  5049 | D        | Killed a death yak
  5052 | D        | Killed a death yak
  5052 | D        | Reached XP level 13. HP: 91/91 MP: 13/13
  5057 | D        | Killed a death yak
  5057 | D        | Received a gift from Trog
  5058 | D        | Got a pitted arbalest {god gift}
  5069 | D        | Identified the +7 arbalest "Valodomo" {velocity, rPois MR- Str-3 Int+3} (Trog gifted it to you in the Dungeon)
  5096 | D        | Noticed a black mamba
  5107 | D        | Killed a black mamba
  5114 | D        | Killed a blink frog
  5119 | D        | Noticed a black mamba
  5122 | D        | Noticed an azure jelly
  5122 | D        | Noticed an azure jelly
  5126 | D        | Killed a black mamba
  5126 | D        | Reached skill level 15 in Fighting
  5127 | D        | Noticed an azure jelly
  5127 | D        | Noticed an azure jelly
  5129 | D        | Killed a blink frog
  5129 | D        | Reached skill level 20 in Armour
  5129 | D        | Gained mutation: You have large cloven feet. [evolution]
  5132 | D        | Killed a blink frog
  5132 | D        | Received a gift from Trog
  5150 | D        | Noticed a swamp drake
  5151 | D        | Noticed a swamp dragon
  5152 | D        | Noticed a swamp dragon
  5153 | D        | Killed a swamp drake
  5155 | D        | Noticed a swamp drake
  5158 | D        | Killed a swamp dragon
  5161 | D        | Killed a swamp drake
  5166 | D        | Killed a swamp dragon
  5175 | D        | Found Teuveid's Food Shoppe.
  5175 | D        | Found Birufug's Gadget Boutique.
  5175 | D        | Found Mockocu's Antique Weapon Emporium.
  5179 | D        | Noticed a swamp dragon
  5183 | D        | Noticed a swamp dragon
  5192 | D        | Killed a swamp dragon
  5195 | D        | Killed a swamp dragon
  5335 | D        | Noticed a seven-headed hydra
  5335 | D        | Noticed the 27-headed Lernaean hydra
  5347 | D        | Killed the 27-headed Lernaean hydra
  5347 | D        | Received a gift from Trog
  5350 | D        | Killed a seven-headed hydra
  5373 | D        | Got a decaying rune of Zot
  5726 | D        | Noticed an elephant
  5726 | D        | Noticed an elephant
  5726 | D        | Noticed a dire elephant
  5726 | D        | Noticed a dire elephant
  5726 | D        | Noticed Gastronok
  5739 | D        | Killed a dire elephant
  5739 | D        | Reached skill level 21 in Armour
  5743 | D        | Killed a dire elephant
  5745 | D        | Killed an elephant
  5752 | D        | Killed an elephant
  5761 | D        | Killed Gastronok
  5908 | D        | Was forgiven by Dithmenos
  5915 | D        | Noticed an orc warrior
  5915 | D        | Received a gift from Trog
  5917 | D        | Noticed an orc wizard
  5917 | D        | Noticed an orc warrior
  5917 | D        | Noticed an orc priest
  5917 | D        | Noticed an orc warrior
  5917 | D        | Noticed an orc warrior
  5917 | D        | Noticed an orc warrior
  5918 | D        | Noticed an orc warrior
  5929 | D        | Killed an orc warrior
  5937 | D        | Killed an orc warrior
  5944 | D        | Killed an orc warrior
  5946 | D        | Killed an orc wizard
  5951 | D        | Killed an orc warrior
  5960 | D        | Killed an orc warrior
  5960 | D        | Received a gift from Trog
  5963 | D        | Killed an orc priest
  5974 | D        | Found a roughly hewn altar of Beogh.
  5975 | D        | Found Qehea's Magic Scroll Shoppe.
  5984 | D        | Killed an orc warrior
  6017 | D        | Got a dazzling great mace {god gift}
  6018 | D        | Identified the +2 great mace of the Spectre {flame, -Tele rC+ rN+++} (Trog gifted it to you in the Dungeon)
  6074 | D        | Bought a scroll of blinking for 105 gold pieces
  6074 | D        | Bought a scroll of enchant weapon for 105 gold pieces
  6074 | D        | Bought 2 scrolls of enchant weapon for 210 gold pieces
  6074 | D        | Bought a scroll of blinking for 105 gold pieces
  6074 | D        | Bought a scroll of magic mapping for 49 gold pieces
  6074 | D        | Bought a scroll of enchant weapon for 105 gold pieces
  6074 | D        | Bought a scroll of identify for 28 gold pieces
  6124 | D        | Noticed a deep elf summoner
  6124 | D        | Noticed a deep elf priest
  6124 | D        | Noticed a deep elf knight
  6124 | D        | Noticed a deep elf priest
  6124 | D        | Noticed a deep elf conjurer
  6131 | D        | Killed a deep elf conjurer
  6133 | D        | Killed a deep elf knight
  6138 | D        | Killed a deep elf summoner
  6138 | D        | Received a gift from Trog
  6139 | D        | Killed a deep elf priest
  6151 | D        | Killed a deep elf priest
  6157 | D        | Noticed a deep elf annihilator
  6222 | D        | Noticed Wiglaf
  6222 | D        | Noticed Frances
  6228 | D        | Killed Wiglaf
  6231 | D        | Killed Frances
  6345 | D        | Noticed an orc priest
  6345 | D        | Noticed an orc high priest
  6359 | D        | Noticed an orc high priest
  6360 | D        | Noticed an orc high priest
  6369 | D        | Killed an orc high priest
  6371 | D        | Killed an orc high priest
  6375 | D        | Killed an orc high priest
  6375 | D        | Received a gift from Trog
  6385 | D        | Killed an orc priest
  6483 | D        | Noticed an obsidian statue
  6494 | D        | Killed an obsidian statue
  6494 | D        | Gained mutation: Your large and strong wings let you fly indefinitely. [Gargoyle growth]
  6494 | D        | Reached XP level 14. HP: 100/100 MP: 14/14
  6682 | D        | Noticed a deep elf demonologist
  6689 | D        | Noticed a deep elf death mage
  6690 | D        | Noticed a deep elf annihilator
  6690 | D        | Noticed a deep elf annihilator
  6690 | D        | Noticed a deep elf death mage
  6692 | D        | Noticed a deep elf blademaster
  7307 | D        | Found Gigafim's Food Emporium.
  7307 | D        | Found Vuisiceck's Magic Scroll Shop.
  7307 | D        | Found Etzivug's Antique Armour Shoppe.
  7307 | D        | Found Epsekosu's General Store.
  7307 | D        | Found Pemip's Distillery.
  7307 | D        | Found Ruyvaxt's Antique Weapon Shop.
  7307 | D        | Found Yhan's Armour Emporium.
  7307 | D        | Found Nijix's Antique Weapon Boutique.
  7308 | D        | Found Lionlan's Book Boutique.
  7308 | D        | Found Guplolaw's Gadget Shoppe.
  7308 | D        | Found Ynaps's Jewellery Shop.
  7308 | D        | Found Ruingeyrphu's Magic Scroll Emporium.
  7310 | D        | Noticed a crystal guardian
  7319 | D        | Killed a crystal guardian
  7328 | D        | Noticed a crystal guardian
  7329 | D        | Noticed a crystal guardian
  7335 | D        | Killed a crystal guardian
  7336 | D        | Killed a crystal guardian
  7351 | D        | Noticed a crystal guardian
  7352 | D        | Noticed a fire elementalist statue
  7353 | D        | Noticed an earth elementalist statue
  7359 | D        | Killed a crystal guardian
  7360 | D        | Noticed a water elementalist statue
  7360 | D        | Noticed an air elementalist statue
  7379 | D        | Killed a fire elementalist statue
  7379 | D        | Reached skill level 22 in Armour
  7452 | D        | Bought a +2 cloak of poison resistance for 240 gold pieces
  7462 | D        | Bought a pair of glowing gloves for 121 gold pieces
  7468 | D        | Bought a scroll of identify for 28 gold pieces
  7468 | D        | Bought a scroll of identify for 28 gold pieces
  7468 | D        | Bought a scroll of identify for 28 gold pieces
  7468 | D        | Bought a scroll of identify for 28 gold pieces
  7468 | D        | Bought 3 scrolls of identify for 84 gold pieces
  7468 | D        | Bought a scroll of enchant armour for 105 gold pieces
  7468 | D        | Bought a scroll of identify for 28 gold pieces
  7472 | D        | Bought a potion of curing for 30 gold pieces
  7472 | D        | Bought 2 potions of curing for 60 gold pieces
  7472 | D        | Bought a potion of agility for 40 gold pieces
  7472 | D        | Bought a potion of heal wounds for 50 gold pieces
  7478 | D        | Bought a scroll of enchant armour for 82 gold pieces
  7478 | D        | Bought a scroll of identify for 22 gold pieces
  7478 | D        | Bought a scroll of fog for 22 gold pieces
  7478 | D        | Bought a scroll of enchant weapon for 82 gold pieces
  7686 | D        | Noticed a spriggan defender
  7687 | D        | Noticed a spriggan defender
  7687 | D        | Noticed a spriggan defender
  7687 | D        | Noticed a spriggan defender
  7691 | D        | Killed a spriggan defender
  7703 | D        | Killed a spriggan defender
  7706 | D        | Killed a spriggan defender
  7713 | D        | Killed a spriggan defender
  7776 | D        | Noticed a centaur warrior
  7780 | D        | Killed a centaur warrior
  7833 | D        | Noticed a fire dragon
  7850 | D        | Killed a fire dragon
  7942 | D        | Noticed a centaur warrior
  7945 | D        | Killed a centaur warrior
  7951 | D        | Noticed a brown ugly thing
  7958 | D        | Killed a brown ugly thing
  8051 | D        | Noticed a brown ugly thing
  8061 | D        | Killed a brown ugly thing
  8100 | D        | Noticed a vampiric long sword
  8100 | D        | Noticed a glaive of chopping
  8100 | D        | Noticed an antimagic scimitar
  8104 | D        | Killed a vampiric long sword
  8110 | D        | Killed a glaive of chopping
  8129 | D        | Noticed a vampiric long sword
  8131 | D        | Killed an antimagic scimitar
  8140 | D        | Killed a vampiric long sword
  8150 | D        | Got a scorched great mace
  8150 | D        | Got a scorched morningstar
  8152 | D        | Identified the +8 great mace "Koazesej" {flame, +Rage rPois Str+4 Int-4} (You found it in the Dungeon)
  8153 | D        | Identified the +6 morningstar "Kauj" {crush, Str+5} (You found it in the Dungeon)
  8234 | D        | Noticed a yaktaur captain
  8235 | D        | Noticed an elephant
  8235 | D        | Noticed a merfolk
  8235 | D        | a merfolk changed into a lindwurm
  8242 | D        | Killed an elephant
  8247 | D        | Received a gift from Trog
  8251 | D        | Gained mutation: You can spit weak poison. [mutagenic meat]
  8260 | D        | Noticed a white ugly thing
  8281 | D        | Killed a yaktaur captain
  8291 | D        | Killed a white ugly thing
  8535 | D        | Noticed a skeletal warrior
  8545 | D        | Killed a skeletal warrior
  8584 | D        | Noticed a yaktaur
  8612 | D        | Noticed a yaktaur captain
  8615 | D        | Killed a yaktaur captain
  8619 | D        | Noticed a yaktaur captain
  8619 | D        | Noticed a yaktaur captain
  8623 | D        | Killed a yaktaur
  8623 | D        | Reached skill level 23 in Armour
  8671 | D        | Killed a yaktaur captain
  8674 | D        | Killed a yaktaur captain
  8875 | D        | Noticed Azrael
  8881 | D        | Killed Azrael
  8914 | D        | Got a transparent hat
  8925 | D        | Identified the +0 hat of Roma {Regen+ rCorr MP-9 Dex-5} (You acquired it in the Dungeon)
  9023 | D        | Noticed a skeletal warrior
  9028 | D        | Killed a skeletal warrior
  9029 | D        | Noticed an iron golem
  9036 | D        | Killed an iron golem
  9082 | D        | Noticed a necromancer
  9088 | D        | Killed a necromancer
  9156 | D        | Noticed a hell knight
  9156 | D        | Noticed a hell knight
  9157 | D        | Noticed a hell knight
  9163 | D        | Killed a hell knight
  9163 | D        | Received a gift from Trog
  9168 | D        | Noticed a hell knight
  9176 | D        | Killed a hell knight
  9176 | D        | Received a gift from Trog
  9183 | D        | Killed a hell knight
  9183 | D        | Received a gift from Trog
  9184 | D        | Got a pitted bardiche {god gift}
  9201 | D        | Killed a hell knight
  9205 | D        | Identified the +13 bardiche of Gehenna {flame, rF++} (Trog gifted it to you in the Dungeon)
  9249 | D        | Noticed a lich
  9260 | D        | Noticed a tentacled monstrosity
  9260 | D        | Noticed a tentacled monstrosity
  9260 | D        | Killed a lich
  9350 | D        | Noticed a sphinx
  9350 | D        | Noticed a sphinx
  9363 | D        | Killed a sphinx
  9366 | D        | Killed a sphinx
  9366 | D        | Received a gift from Trog
  9366 | D        | Reached skill level 24 in Armour
  9366 | D        | Reached XP level 15. HP: 94/108 MP: 6/15
  9407 | D        | Noticed a mummy priest
  9407 | D        | Noticed a guardian mummy
  9407 | D        | Noticed a guardian mummy
  9411 | D        | Killed a guardian mummy
  9412 | D        | Killed a guardian mummy
  9417 | D        | Killed a mummy priest
  9439 | D        | Noticed a mummy priest
  9440 | D        | Noticed a guardian mummy
  9456 | D        | Killed a mummy priest
  9460 | D        | Killed a guardian mummy
  9599 | D        | Noticed a mummy priest
  9599 | D        | Noticed a guardian mummy
  9601 | D        | Noticed a guardian mummy
  9606 | D        | Killed a guardian mummy
  9622 | D        | Killed a mummy priest
  9625 | D        | Killed a guardian mummy
  9626 | D        | Noticed a guardian mummy
  9632 | D        | Noticed a water nymph
  9632 | D        | Noticed a guardian mummy
  9632 | D        | Killed a water nymph
  9639 | D        | Killed a guardian mummy
  9640 | D        | Killed a guardian mummy
  9793 | D        | Noticed a mummy priest
  9803 | D        | Killed a mummy priest
  9991 | D        | Noticed Chuck
 10002 | D        | Killed Chuck
 10089 | D        | Noticed a brown ugly thing
 10089 | D        | Noticed a hill giant
 10089 | D        | a hill giant changed into a giant leech
 10090 | D        | Noticed a slime creature
 10090 | D        | Noticed Frederick
 10096 | D        | Killed a slime creature
 10097 | D        | Killed a brown ugly thing
 10102 | D        | Received a gift from Trog
 10113 | D        | Killed Frederick
 10113 | D        | Reached skill level 15 in Dodging
 10155 | D        | Noticed a lich
 10166 | D        | Killed a lich
 10176 | D        | Noticed a ghost crab
 10176 | D        | a ghost crab changed into a shock serpent
 10185 | D        | Noticed a shadow dragon
 10186 | D        | Noticed a shadow dragon
 10186 | D        | Noticed an ogre mage
 10188 | D        | Noticed a snapping turtle
 10188 | D        | Received a gift from Trog
 10219 | D        | Killed a shadow dragon
 10219 | D        | Reached skill level 25 in Armour
 10230 | D        | Killed a shadow dragon
 10234 | D        | Killed an ogre mage
 10234 | D        | Received a gift from Trog
 10342 | D        | Noticed an obsidian statue
 10343 | D        | Noticed a snapping turtle
 10349 | D        | a snapping turtle changed into a swamp dragon
 10362 | D        | Killed an obsidian statue
 10362 | D        | Reached skill level 5 in Shields
 10370 | D        | Lost mutation: You possess an exceptional clarity of mind. [mutagenic meat]
 10371 | D        | Gained mutation: You are weak. (Str -2) [mutagenic meat]
 10372 | D        | Lost mutation: Your mind is acute. (Int +2) [mutagenic meat]
 10533 | D        | Noticed a guardian mummy
 10533 | D        | Noticed a guardian mummy
 10533 | D        | Noticed a mummy priest
 10533 | D        | Noticed a guardian mummy
 10533 | D        | Noticed a mummy priest
 10533 | D        | Noticed a guardian mummy
 10533 | D        | Noticed a guardian mummy
 10533 | D        | Noticed a guardian mummy
 10535 | D        | Noticed a guardian mummy
 10537 | D        | Noticed a greater mummy
 10538 | D        | Noticed a mummy priest
 10538 | D        | Noticed a guardian mummy
 10544 | D        | Killed a guardian mummy
 10544 | D        | Killed a guardian mummy
 10546 | D        | Killed a guardian mummy
 10546 | D        | Killed a guardian mummy
 10546 | D        | Killed a guardian mummy
 10546 | D        | Killed by something's death curse

Vault maps used:
D:        dungeon_sprint_mu

Action                   |  1- 3 |  4- 6 |  7- 9 | 10-12 | 13-15 || total
-------------------------+-------+-------+-------+-------+-------++-------
Melee: Mace              |    23 |    24 |    62 |       |       ||   109
       Dire flail        |       |       |    66 |    69 |   197 ||   332
       Great mace        |       |       |       |   158 |   192 ||   350
       Demon whip        |       |       |       |   133 |    87 ||   220
       Eveningstar       |       |       |       |    36 |   152 ||   188
Throw: Javelin           |       |       |     7 |     6 |     2 ||    15
       Tomahawk          |       |       |     8 |       |       ||     8
       Throwing net      |       |       |       |     5 |     2 ||     7
Invok: Berserk           |     1 |     2 |     6 |    11 |    14 ||    34
       Burn Spellbooks   |       |     1 |       |       |       ||     1
       Brothers in Arms  |       |       |       |     8 |    11 ||    19
       Trog's Hand       |       |       |       |     7 |    11 ||    18
 Abil: Fly               |       |       |       |       |     1 ||     1
  Use: Scroll            |       |     5 |       |       |    11 ||    16
       Potion            |       |     3 |       |     3 |     3 ||     9
 Stab: Sleeping          |       |       |     1 |       |       ||     1
       Held in net/web   |       |       |       |     1 |       ||     1
       Distracted        |       |       |       |     2 |     2 ||     4
  Eat: Bread ration      |       |     1 |     1 |       |       ||     2
       Chunk             |       |       |     3 |     7 |    20 ||    30
       Royal jelly       |       |       |       |     7 |     7 ||    14
       Fruit             |       |       |       |     3 |     8 ||    11
